 Dungeon Crawl Stone Soup version 0.27-a0-1193-g8631133 (webtiles) character file.

Game seed: 1304155425242977728

119 Meow the Stinger (level 5, 42/42 HPs)
             Began as a Naga Venom Mage on May 25, 2021.
             Quit the game on level 3 of the Dungeon.
             The game lasted 00:06:24 (2144 turns).

Meow the Stinger (Naga Venom Mage)                  Turns: 2144, Time: 00:06:24

Health: 42/42      AC:  2    Str: 10    XL:     5   Next: 3%
Magic:  9/9        EV:  9    Int: 17    God:
Gold:   136        SH:  0    Dex: 11    Spells: 3/10 levels left

rFire    . . .     SeeInvis +   a - +0 mace
rCold    . . .     Faith    .   (no shield)
rNeg     . . .     Spirit   .   c - +0 robe
rPois    +         Reflect  .   (no helmet)
rElec    .         Harm     .   (no cloak)
rCorr    .         Rampage  .   (no gloves)
Will     .....                  (no barding)
Stlth    +++.......             (no amulet)
HPRegen  0.14/turn              (no ring)
MPRegen  0.11/turn              (no ring)

@: very slow
A: AC +1, large, see invisible, deformed body, poison resistance, slowness 2,
spit poison 1, naga tail 1
a: Spit Poison


You were on level 3 of the Dungeon.
You visited 1 branch of the dungeon, and saw 4 of its levels.

You collected 136 gold pieces.

Inventory:

Hand Weapons
 a - a +0 mace (weapon)
Missiles
 b - 19 bolts
 g - 43 arrows
 h - 55 stones (quivered)
Armour
 c - a +0 robe (worn)
Scrolls
 e - a scroll of immolation
 f - a scroll of fear
 i - a scroll of noise {unknown}
 j - a scroll of enchant armour {unknown}
Potions
 d - a potion of might {unknown}


   Skills:
 - Level 1.5 Dodging
 + Level 5.2 Stealth
 + Level 3.1 Spellcasting
 - Level 1.0 Transmutations
 + Level 5.3 Poison Magic


You had 3 spell levels left.
You knew the following spells:

 Your Spells              Type           Power      Damage    Failure   Level
a - Sting                 Tmut/Pois      52%        1d5       4%          1
c - Mephitic Cloud        Conj/Pois/Air  8%         N/A       26%         3
C - Ignite Poison         Fire/Tmut/Pois 9%         N/A       22%         3

Your spell library contained the following spells:

 Spells                   Type           Power      Damage    Failure   Level
 Poisonous Vapours        Pois/Air       22%        N/A       9%          2
 Magic Dart               Conj           8%         1d3       17%         1
 Blink                    Tloc           N/A        N/A       26%         2
 Call Imp                 Summ           2%         N/A       26%         2
 Slow                     Hex            2%         N/A       26%         2
 Conjure Flame            Conj/Fire      2%         6-21      45%         3
 Olgreb's Toxic Radiance  Pois           20%        N/A       19%         4


Dungeon Overview and Level Annotations

Branches:
Dungeon (4/15)
 Temple: D:4-7

Altars:

Shops:
D:1 (   D:2 [


Innate Abilities, Weirdness & Mutations

Your serpentine skin is tough. (AC +1)
You have supernaturally acute eyesight. (SInv)
Armour fits poorly on your strangely shaped body.
Your system is resistant to poisons. (rPois)
You cover ground very slowly.
You can spit poison.
You have a snake-like lower body.


Message History

You start resting.
HP restored.
There is a stone staircase leading up here.
You climb upwards.
The bullfrog zombie hits you. The bullfrog zombie barely misses you.
There is a stone staircase leading down, spattered with blood here.
Casting: Mephitic Cloud (quite dangerous; 26% risk of failure)
Confirm with . or Enter, or press ? or * to list all spells.
The spell is quite dangerous to cast (26% risk of failure)!
Continue anyway?
Aiming: Mephitic Cloud (quite dangerous; 26% risk of failure)
Press: ? - help, Shift-Dir - straight line The ball explodes into a vile cloud!
The stinking cloud engulfs the bullfrog zombie but does no damage.
The bullfrog zombie closely misses you.
Unknown command.
Unknown command.
Casting: Mephitic Cloud (quite dangerous; 26% risk of failure)
Confirm with . or Enter, or press ? or * to list all spells.
The spell is quite dangerous to cast (22% risk of failure)!
Continue anyway?
You ignite the poison in your surroundings!
The bullfrog zombie is engulfed in blazing flames.
The bullfrog zombie hits you.
The bullfrog zombie is engulfed in blazing flames.
The bullfrog zombie hits you but does no damage.
Unknown command.
Unknown command.
You sock the bullfrog zombie!
You destroy the bullfrog zombie!
Your Stealth skill increases to level 5!
Your Spellcasting skill increases to level 3!
You have reached level 5!
You start resting.
Magic restored.
You open the door.
There is an open door here.
Key pressed, stopping explore.
HP restored.
Key pressed, stopping explore.
Okay, then.
Are you sure you want to abandon this character and quit the game? (Confirm with "yes".)

#.# #.# #.# #.#
#.# #.# #.#
##############.#
.......@.......#
##############.#
###


There were no monsters in sight!

Vanquished Creatures
  A bullfrog zombie (D:3)
  3 adders
  3 worms (D:2)
  A dart slug (D:1)
  6 endoplasms
  A giant cockroach (D:1)
  A goblin (D:2)
  7 hobgoblins
  2 quokkas (D:1)
  8 ball pythons
  6 bats
  6 frilled lizards
  5 kobolds
  5 rats
55 creatures vanquished.

Notes
Turn   | Place    | Note
-------+----------+-------------------------------------------
     0 | D:1      | Meow the Naga Venom Mage began the quest for the Orb.
     0 | D:1      | Reached XP level 1. HP: 15/15 MP: 3/3
    98 | D:1      | Reached XP level 2. HP: 21/22 MP: 0/5
   273 | D:1      | Reached XP level 3. HP: 23/28 MP: 0/6
   277 | D:1      | Learned a level 3 spell: Mephitic Cloud
   350 | D:1      | Found Hoikuosh's Weapon Shoppe.
   432 | D:1      | Found a faded altar of an unknown god.
   891 | D:2      | Reached XP level 4. HP: 36/36 MP: 3/8
  1082 | D:2      | Reached skill level 5 in Poison Magic
  1420 | D:2      | Found Vihaj's Armour Shop.
  1902 | D:4      | Learned a level 3 spell: Ignite Poison
  2041 | D:3      | Reached skill level 5 in Stealth
  2041 | D:3      | Reached XP level 5. HP: 29/42 MP: 2/9
  2144 | D:3      | Quit the game

Illustrated notes

Levels and vault maps discovered:
D:1:      denvon_arrival_waterhouse, layout_rooms,
          hellmonk_ecumenical_altar_lost_god, serial_shops, shop
D:2:      layout_basic, serial_shops, shop
D:3:      layout_basic, minitemple, kennysheep_generic_room_10, uniq_sigmund
D:4:      layout_basic, grunt_temple_overflow_lords_of_destruction,
          lemuel_doored_altar

Skill      XL: |  1  2  3  4 |
---------------+-------------+-----
Stealth        | 4 5 |  5.2
Poison Magic   | 5 |  5.3
Spellcasting   | 3 |  3.1
Dodging        | |  1.5
Transmutations | |  1.0

Action                   |  1- 3 |  4- 6 || total
-------------------------+-------+-------++-------
Melee: Club              |     6 |       ||     6
       Mace              |     1 |     6 ||     7
Throw: Stone             |     1 |     1 ||     2
 Cast: Sting             |    36 |    14 ||    50
       Mephitic Cloud    |       |     2 ||     2
       Ignite Poison     |       |     1 ||     1
 Abil: Spit Poison       |    39 |    13 ||    52
  Use: Scroll            |     2 |       ||     2
Armor: Robe              |     2 |     6 ||     8
Dodge: Dodged            |     8 |    13 ||    21

Table legend: (Time is in decaauts)
 A = Elapsed time spent in this place.
 B = Non-inter-level travel time spent in this place.
 C = Inter-level travel time spent in this place.
 D = Time resting spent in this place.
 E = Time spent auto-exploring this place.
 F = Levels seen in this place.
 G = Mean time per level.
                   A        B        C        D        E       F      G
               +--------+--------+--------+--------+--------+-----+--------+
         Total |   2703 |   2639 |     64 |    553 |   1665 |   4 |  675.8 |
       Dungeon |   2703 |   2639 |     64 |    553 |   1665 |   4 |  675.8 |
               +--------+--------+--------+--------+--------+-----+--------+

Top non-repeatable levels by time:
     D:2: 1219 daAuts
     D:1: 850 daAuts
     D:3: 459 daAuts
     D:4: 174 daAuts
